 Seeded DCSS version 0.30-a0-242-g7bf8e6d787 (webtiles) character file.

Game seed: 13102143588985963117 (custom seed)

118 Hubris850 the Chiller (level 5, -2/35 HPs)
             Began as a Merfolk Ice Elementalist on Oct 11, 2022.
             Slain by Ijyb
             ... wielding a +0 dagger
              (3 damage)
             ... on level 3 of the Dungeon.
             The game lasted 00:07:05 (2379 turns).

Hubris850 the Chiller (Merfolk Ice Elementalist)    Turns: 2379, Time: 00:07:07

Health: -2/35      AC: -6    Str: 14    XL:     5   Next: 2%
Magic:  6/9        EV: 13    Int: 14    God:
Gold:   182        SH:  4    Dex: 17    Spells: 6/10 levels left

rFire   . . .      SeeInvis .    o - +2 dagger (vamp)
rCold   . . .      Faith    .    j - +0 buckler
rNeg    . . .      Spirit   .    a - +0 robe
rPois   .          Reflect  .    (no helmet)
rElec   .          Harm     .    (no cloak)
rCorr   .          Rampage  .    (no gloves)
Will    +....                    (no boots)
Stlth   ++........               (no amulet)
HPRegen 0.25/turn                g - +6 ring of strength
MPRegen 0.11/turn                i - ring of willpower

@: corroded
A: (nimble swimmer 2), mertail
a: no special abilities


You were on level 3 of the Dungeon.
You visited 1 branch of the dungeon, and saw 3 of its levels.

You collected 182 gold pieces.

Inventory:

Hand Weapons
 c - a +0 dagger
 o - a +2 vampiric dagger (weapon)
 p - a +0 scimitar
Missiles
 q - a boomerang
Armour
 a - a +0 robe (worn)
 j - a +0 buckler (worn)
Jewellery
 g - a +6 ring of strength (left hand)
 i - a ring of willpower (right hand)
Scrolls
 d - a scroll of blinking {unknown}
 e - 2 scrolls of teleportation {unknown}
 f - 2 scrolls of identify {unknown}
 k - a scroll of immolation {unknown}
 m - 2 scrolls of vulnerability {unknown}
Potions
 b - a potion of magic
 h - a potion of curing {unknown}
 l - 2 potions of flight {unknown}
 n - a potion of ambrosia {unknown}


   Skills:
 + Level 1.3 Short Blades
 - Level 3.2 Dodging
 - Level 3.2 Stealth
 + Level 3.0 Spellcasting
 + Level 5.2 Ice Magic


You had 6 spell levels left.
You knew the following spells:

 Your Spells              Type           Power      Damage    Failure   Level
a - Freeze                Ice            64%        1d7       3%          1
b - Frozen Ramparts       Ice            32%        1d5       10%         3

Your spell library contained the following spells:

 Spells                   Type           Power      Damage    Failure   Level
 Ozocubu's Armour         Ice            16%        N/A       10%         3
 Summon Ice Beast         Ice/Summ       9%         N/A       69%         4


Dungeon Overview and Level Annotations

Branches:
Dungeon (3/15)

Altars:

Shops:
D:1 *

Annotations:
D:3 Ijyb


Innate Abilities, Weirdness & Mutations

((You are very nimble when in or above water. (Stealth+, EV+, Speed+++)))
Your lower body shifts to a powerful aquatic tail in water.


Message History

You throw a boomerang.
The boomerang hits Ijyb but does no damage.
An endoplasm comes into view.
The wall freezes Ijyb but does no damage.
You barely miss Ijyb.
The wall freezes the endoplasm.
The wall freezes Ijyb but does no damage.
Ijyb zaps a wand.
The bolt of acid misses you.
You miss Ijyb.
The wall freezes the endoplasm.
You kill the endoplasm!
The wall freezes Ijyb but does no damage.
You block Ijyb's attack.
You closely miss Ijyb.
The wall freezes Ijyb.
Ijyb zaps a wand.
The bolt of acid misses you.
You closely miss Ijyb.
Ijyb is moderately wounded.
The wall freezes Ijyb but does no damage.
Ijyb closely misses you.
You hit Ijyb but do no damage.
Ijyb is moderately wounded.
The wall freezes Ijyb.
Ijyb zaps a wand.
The bolt of acid hits you! The acid corrodes you!
You hit Ijyb but do no damage.
Ijyb is heavily wounded.
The wall freezes Ijyb.
Ijyb closely misses you.
You barely miss Ijyb.
Ijyb is heavily wounded.
The frozen ramparts melt away.
Ijyb screams, "It's all mine!"
Ijyb zaps a wand.
The bolt of acid hits you!
* * * LOW HITPOINT WARNING * * *
The acid corrodes you!
Casting: Frozen Ramparts (quite dangerous; 10% risk of failure)
Confirm with . or Enter, or press ? or * to list all spells.
Aiming: Freeze (safe; 3% risk of failure)
Press: ? - help, Shift-Dir - straight line, f/p - Ijyb
Aim: Ijyb, wielding a +0 dagger, wearing a +0 leather armour and carrying a wand of acid (2) (heavily wounded)
You freeze Ijyb.
Ijyb is severely wounded.
Ijyb hits you with a +0 dagger.
You die...

.. #. .######## #.
.......# # #.####
......## # #.#....#
......# .##### ...#.#
.....# .....#
#.#.######....# #.##.#
#.......@g....# #....##
##.#######....#
.รท#...####...#######+##
#[##..............
#)##.#########...#
)....# ... .....# r.
.....# . ....##


You could see Ijyb.

Vanquished Creatures
  An orc wizard (D:3)
  4 dart slugs
  7 orcs
  3 ball pythons
  9 endoplasms
  5 giant cockroaches
  6 hobgoblins (D:2)
  5 kobolds
  2 quokkas
  9 bats
  5 frilled lizards
  11 goblins
  5 rats
72 creatures vanquished.

Vanquished Creatures (others)
  A quokka (D:3)
1 creature vanquished.

Grand Total: 73 creatures vanquished

Notes
Turn   | Place    | Note
-------+----------+-------------------------------------------
     0 | D:1      | Hubris850 the Merfolk Ice Elementalist began the quest for
                  | the Orb.
     0 | D:1      | Reached XP level 1. HP: 13/13 MP: 3/3
     2 | D:1      | Noticed a ghoul
     4 | D:1      | Noticed a formicid
     6 | D:1      | Noticed a merfolk
     6 | D:1      | Noticed an octopode
     8 | D:1      | Noticed an armataur
     8 | D:1      | Noticed a demigod
    10 | D:1      | Noticed a draconian
    12 | D:1      | Noticed a gargoyle
    12 | D:1      | Noticed a naga
    14 | D:1      | Noticed a tengu
    14 | D:1      | Noticed a felid
    16 | D:1      | Noticed a troll
    16 | D:1      | Noticed a spriggan
    18 | D:1      | Noticed a meteoran
    18 | D:1      | Noticed a minotaur
    20 | D:1      | Noticed an ogre
    20 | D:1      | Noticed a vine stalker
    22 | D:1      | Noticed a human
    22 | D:1      | Noticed a demonspawn
    24 | D:1      | Noticed an elf
    24 | D:1      | Noticed an ogre
    26 | D:1      | Noticed a formicid
    26 | D:1      | Noticed an elf
   178 | D:1      | Reached XP level 2. HP: 17/19 MP: 0/5
   240 | D:1      | Found Haorhuyl's General Store.
   645 | D:1      | Reached XP level 3. HP: 24/24 MP: 6/6
  1267 | D:2      | Found a faded altar of an unknown god.
  1915 | D:2      | Reached XP level 4. HP: 30/30 MP: 7/7
  1934 | D:2      | Learned a level 3 spell: Frozen Ramparts
  1955 | D:2      | Reached skill level 5 in Ice Magic
  2134 | D:3      | Reached skill level 1 in Short Blades
  2294 | D:3      | Reached XP level 5. HP: 35/35 MP: 4/9
  2365 | D:3      | Noticed Ijyb
  2378 | D:3      | HP: 1/35 [Ijyb/bolt of acid (11)]
  2379 | D:3      | Slain by Ijyb

Illustrated notes

Levels and vault maps discovered:
D:1:      kb_arrival_jail, layout_basic, serial_shops, shop, st_stairs_2,
          hex_intersection, dreamdust_princess_bridge, minmay_box_of_dots
D:2:      cheibrodos_greedy_goblins, layout_basic,
          dreamdust_ecumenical_altar_grove
D:3:      layout_basic, nicolae_overflow_hallway_of_the_gods, uniq_ijyb

Skill      XL: |  1  2  3  4 |
---------------+-------------+-----
Dodging        | 3 |  3.2
Stealth        | 3 |  3.2
Ice Magic      | 5 |  5.2
Short Blades   | 1 |  1.3
Spellcasting   | 3 |  3.0

Action                   |  1- 3 |  4- 6 || total
-------------------------+-------+-------++-------
Melee: Dagger            |   100 |    67 ||   167
Throw: Boomerang         |       |     1 ||     1
 Cast: Freeze            |    39 |     4 ||    43
       Frozen Ramparts   |       |     4 ||     4
 Stab: Sleeping          |    13 |     3 ||    16
Armor: Robe              |    28 |     7 ||    35
Dodge: Dodged            |    70 |    40 ||   110
Block: Buckler           |    14 |    11 ||    25

Table legend: (Time is in decaauts)
 A = Elapsed time spent in this place.
 B = Non-inter-level travel time spent in this place.
 C = Inter-level travel time spent in this place.
 D = Time resting spent in this place.
 E = Time spent auto-exploring this place.
 F = Levels seen in this place.
 G = Mean time per level.
                   A        B        C        D        E       F      G
               +--------+--------+--------+--------+--------+-----+--------+
         Total |   2376 |   2346 |     30 |    267 |   1495 |   3 |  792.0 |
       Dungeon |   2376 |   2346 |     30 |    267 |   1495 |   3 |  792.0 |
               +--------+--------+--------+--------+--------+-----+--------+

Top non-repeatable levels by time:
     D:1: 1187 daAuts
     D:2: 985 daAuts
     D:3: 203 daAuts
